Map: Proxima Station LE

Players

Dolan - Winner!

  • Race: Terran Terran
  • Spawn Location: 7:00

SLeet

  • Race: Zerg Zerg
  • Spawn Location: 1:00

Event: WCS Austin 2017

VOD

Have the link to the VOD?

Description

Time

  • Played on: April 28, 2017, 2:25 p.m.
  • Length: 8:16

All games in this series

Show
View Real Time Build Order
Export as new Build Order

Dolan Terran - Winner!

Build Orders: Liberator Opening 

Get SALT Encoding   

  12  0:00  SCV  
  13  0:12  SCV  
  14  0:17  Supply Depot  
  14  0:24  SCV  
  14  0:27  Refinery  
  15  0:39  SCV  
  16  0:45  Barracks  
  16  0:51  SCV  
  17  1:03  SCV  
  18  1:15  SCV  
  19  1:32  Reaper, Orbital Command  
  20  1:47  Command Center  
  20  1:57  SCV  
  21  2:01  Factory  
  21  2:05  Barracks Reactor  
  21  2:10  SCV  
  21  2:14  Supply Depot  
  22  2:19  Refinery  
  22  2:24  SCV  
  23  2:36  SCV  
  23  2:47  Starport  
  23  2:48  SCV  
  24  2:52  Hellion x2, Barracks Reactor  
  28  3:00  Orbital Command  
  28  3:02  SCV  
  29  3:15  SCV  
  29  3:17  Hellion x2  
  34  3:27  Supply Depot  
  34  3:33  Liberator x2  
  34  3:34  SCV x2  
  34  3:39  Hellion  
  38  3:42  Marine  
  46  3:55  SCV x2  
  46  3:58  Supply Depot  
  46  4:00  Barracks Tech Lab  
  47  4:07  Hellion  
  47  4:08  Hellion  
  47  4:09  SCV  
  52  4:10  SCV  
  53  4:21  SCV, Armory  
  53  4:23  SCV  
  55  4:33  SCV  
  55  4:35  SCV  
  55  4:36  Hellion x2  
  61  4:51  Marine  
  62  4:57  Refinery, Command Center  
  62  4:58  Refinery, Marine, SCV x2  
  65  5:03  Cloaking Field  
  65  5:04  Banshee  
  68  5:14  SCV x2  
  70  5:21  Hellion  
  70  5:41  Hellion, Marine, SCV x2  
  70  5:42  Marine  
  69  5:43  Hellion  
  69  5:49  Banshee  
  64  5:51  Terran Vehicle Weapons Level 1  
  64  5:53  SCV x2  
  66  5:57  Factory  
  66  5:58  Factory  
  68  6:05  Cyclone  
  68  6:06  SCV  
  68  6:09  Supply Depot, SCV  
  68  6:10  Supply Depot  
  71  6:14  Cyclone  
  71  6:17  Marine  
  71  6:18  Marine  
  76  6:19  Orbital Command  
  76  6:23  SCV x2  
  75  6:32  Banshee  
  75  6:35  Marine  
  75  6:36  Marine  
  80  6:43  SCV  
  80  6:44  SCV  
  74  6:49  Factory Tech Lab x2  
  74  6:50  Hellion x2  
  76  6:56  SCV x2  
  79  7:03  Orbital Command  
  79  7:04  Marine x2  
  79  7:06  Engineering Bay  
  79  7:08  SCV x2  
  82  7:09  Thor  
  82  7:10  Thor  
  94  7:21  Hellion x2  
  95  7:27  Refinery  
  95  7:29  Refinery  
  87  7:42  Hellion  
  87  7:43  Hellion  
  90  7:46  SCV x2  
  94  7:53  SCV  
  97  7:58  SCV  
  97  7:59  SCV  
Show
View Real Time Build Order
Export as new Build Order

SLeet Zerg 

Build Orders: Hatch First, Zergling Baneling 

Get SALT Encoding   

  12  0:00  Drone  
  13  0:12  Overlord  
  13  0:17  Drone  
  14  0:31  Drone x2  
  14  0:34  Drone  
  17  0:53  Hatchery  
  17  0:56  Drone  
  17  0:59  Drone  
  18  1:10  Extractor  
  17  1:15  Spawning Pool  
  17  1:17  Drone  
  17  1:21  Drone  
  18  1:29  Drone  
  19  1:39  Overlord  
  19  1:49  Drone  
  20  2:01  Queen  
  20  2:02  Zergling x2  
  20  2:05  Queen  
  20  2:06  Zergling x2  
  26  2:12  Metabolic Boost  
  26  2:13  Drone  
  27  2:16  Drone  
  28  2:23  Drone  
  28  2:27  Drone  
  30  2:35  Drone  
  30  2:37  Queen  
  31  2:39  Drone  
  34  2:47  Overlord  
  34  2:49  Drone  
  35  2:58  Hatchery  
  35  2:59  Drone  
  35  3:00  Drone  
  36  3:05  Drone  
  36  3:09  Overlord  
  36  3:10  Drone x2  
  39  3:13  Drone  
  39  3:14  Drone  
  39  3:17  Drone  
  39  3:19  Drone  
  43  3:21  Drone  
  43  3:24  Drone, Extractor  
  44  3:31  Zergling x2  
  44  3:34  Overlord  
  43  3:39  Zergling x2  
  44  3:44  Baneling Nest  
  44  3:47  Drone x3  
  44  3:48  Drone, Zergling x2  
  47  3:49  Zergling x2  
  47  3:55  Zergling x2  
  51  4:02  Zergling x2  
  51  4:05  Zergling x2  
  52  4:12  Queen, Evolution Chamber  
  52  4:13  Zergling x4  
  52  4:14  Evolution Chamber  
  55  4:17  Zergling x8  
  58  4:24  Drone x2  
  58  4:25  Drone  
  58  4:26  Overlord  
  58  4:27  Overlord  
  61  4:36  Baneling  
  61  4:37  Baneling x7  
  59  4:42  Zerg Melee Weapons Level 1  
  59  4:45  Zergling x12  
  65  4:49  Overlord  
  65  4:54  Zergling x8  
  69  5:05  Overlord  
  69  5:08  Lair  
  50  5:21  Drone  
  50  5:22  Drone x4  
  50  5:23  Zergling x2  
  50  5:24  Zergling x10  
  59  5:34  Zergling x2  
  59  5:35  Zergling x8  
  52  5:46  Zergling x2  
  52  5:47  Zergling x4  
  49  5:51  Drone x2  
  49  5:52  Drone  
  49  5:54  Drone x2  
  54  6:02  Drone  
  55  6:10  Spire  
  49  6:11  Extractor  
  49  6:13  Drone  
  45  6:30  Drone x6  
  45  6:31  Drone  
  51  6:35  Drone  
  30  6:56  Zergling x6  
  30  6:59  Zergling x2  
  32  7:18  Baneling  
  32  7:19  Baneling x3  
  32  7:21  Zergling x10  
  37  7:23  Overseer  
  37  7:26  Drone  
  36  7:34  Drone x2  
  36  7:35  Drone  
  37  7:40  Drone  
  37  7:42  Drone  
  36  7:47  Drone  
  36  7:50  Spore Crawler  
Tags
 
Add a new tag
Caveats
  • Supply blocks, unpowered buildings, or Contaminate may cause inaccurate times.
  • Supply counts are checked every 10 seconds.